Workbook

Sheet BPU 
C1: Travaux de restauration écologique du ru d’Ocques, tronçon moulin d'en Bas, sur la commune de Saint-Julien-du-Sault
C2: Bordereau des Prix Unitaires (BPU)
C4: N° | D4: DESIGNATION DES TRAVAUX ET PRIX UNITAIRES EN TOUTES LETTRES ( EURO HORS TAXES) | E4: UNITE | F4: TRANCHE | G4: PRIX UNIT. EN CHIFFRES € HT.
C5: 1 | D5: INSTALLATION DE CHANTIER, ACCÈS, ETUDES
A6: 1 | B6: 1 | C6: =A6&"."&B6 -> 1.1 | D6: Installation et repli de chantier, y compris remise en état et nettoyage des déchets (plastiques, bétons, ferrailles) | E6: Ft | F6: Tranche ferme
A7: 1 | B7: 1 | D7: Ce prix comprend l'aménagement des plates-formes d'installation, les aires pour la base de chantier et le stockage, les clôtures de protection sur l'ensemble des zones de travaux, y compris les clôtures interdisant les accès au chantier. Il comprend également : - l'amenée du matériel ; - les frais de gardiennage ; - la signalisation ; - le panneau de chantier ; - la mise en place et l'entretien de la base de chantier dont un local équipé ; - la mise en sécurité des produits pouvant polluer le milieu naturel (géomembrane, cuve de rétention, etc.) ; - la reconnaissance du chantier, le piquetage des aménagements à réaliser et les opérations topographiques complémentaires ; - le repli de l'ensemble des installations ; - le nettoyage du site et toutes sujétions. | E7: Ft | F7: Option
A8: =A6 -> 1
A9: =A8 -> 1 | D9: PRIX UNIT. EN LETTRES € HT. :
A10: =A9 -> 1 | B10: =1+B6 -> 2 | C10: =A10&"."&B10 -> 1.2 | D10: Etudes d'exécution et dossier de récolement | E10: Ft | F10: Tranche ferme
A11: =A10 -> 1 | D11: Ce prix comprend la fourniture des fiches produits, du DOE, des plans et de tous les documents nécessaires à la réalisation des travaux. Les notes de calcul prendront en compte toutes les sujétions d'environnement et les surcharges liées aux différents passages d'engins d'entretien et de maintenance. Il comprend également la réalisation du dossier de récolement avec plan de récolement fourni sous format informatique.
A12: =A11 -> 1 | D12: PRIX UNIT. EN LETTRES € HT. :
A13: =A12 -> 1 | B13: =1+B10 -> 3 | C13: =A13&"."&B13 -> 1.3 | D13: Constat contradictoire d'un huissier | E13: Ft | F13: Tranche ferme
A14: =A13 -> 1 | B14: =1+B11 -> 1 | D14: Ce prix rémunère le constat d'un huissier sur l'état des lieux, des bâtiments s'ils existent et des ouvrages voisins au début et en fin du chantier (intérieur et extérieur, avec photos et rapport détaillé, conformément au CCTP) et toutes sujétions. | E14: Ft | F14: Option
A15: =A13 -> 1
A16: =A15 -> 1 | D16: PRIX UNIT. EN LETTRES € HT. :
A17: =A16 -> 1 | B17: =1+B13 -> 4 | C17: =A17&"."&B17 -> 1.4 | D17: Aménagement des accès aux zones de chantier et travaux préparatoires, y compris pêche de sauvegarde | E17: Ft | F17: Tranche ferme
D18: Ce prix rémunère les frais d'aménagement de l’accès à la zone de chantier. Il comprend : - l'amenée et le repli du matériel et du personnel ; - la mise en œuvre des pistes d’accès ; - la coupe des branches pouvant gêner les engins de chantier ; - la pêche électrique de sauvegarde dans la portion mise à sec ; - la consommation d'énergie des équipements de pompage ; - la remise en état du site ; - et toutes sujétions. | E18: Ft | F18: Option
A19: =A17 -> 1
A20: =A19 -> 1 | D20: PRIX UNIT. EN LETTRES € HT. :
A21: =A20 -> 1 | B21: =1+B17 -> 5 | C21: =A21&"."&B21 -> 1.5 | D21: Piquetage des travaux | E21: Ft | F21: Tranche ferme
A22: =A21 -> 1 | D22: Le prix comprend le piquetage par un géomètre des travaux implanté par le maitre d'œuvre, en présence de l'entreprise. L'entreprise balisera ou marquera les emprises des travaux et implantera des points de repère , type clou géoréférencé. Ce prix rémunère également le maintien du marquage jusqu'à la réalisation des travaux.
A23: =A22 -> 1 | D23: PRIX UNIT. EN LETTRES € HT. :
A24: =A23 -> 1 | B24: =1+B21 -> 6 | C24: =A24&"."&B24 -> 1.6 | D24: Fourniture et mise en place d'un barrage filtrant | E24: Ft | F24: Tranche ferme
D25: Le prix comprend la fourniture, la mise en place et l'entretien d'un barrage filtrant. Le prix comprend l'amenée et le repli des matériels, du personnel et toutes sujétions. | E25: Ft | F25: Option
A26: =A24 -> 1
A27: =A26 -> 1 | D27: PRIX UNIT. EN LETTRES € HT. :
A28: =A20 -> 1 | B28: =1+B24 -> 7 | C28: =A28&"."&B28 -> 1.7 | D28: Travaux forestiers : élagage et abattage avec ou sans dessouchage d'arbres et d'arbustes | E28: Ft | F28: Tranche ferme
D29: Ce prix rémunère les travaux forestiers prévus dans le cadre des aménagements. Il comprend : - le repérage et le marquage des arbres et arbustes à élaguer, abattre et éventuellement dessoucher ; - l'abattage des arbres et arbuses marqués (arbres gênants sur le plan hydraulique, arbres instables en berge) et arbustes de ripsiylve situés en rive gauche, y compris le dessouchage lorsque cela est jugé nécessaire du point de vue hydraulique ; - la mise en tas sur site des billons façonnés en 50 cm ; - l'évacuation des perches et branchages vers une filière de valorisation ou de traitement appropriée ; - l'amenée et le repli du matériel et du personnel ; - le nettoyage du site, sa remise en état et toutes sujétions.
D30: PRIX UNIT. EN LETTRES € HT. :
A31: =A23 -> 1 | B31: =1+B28 -> 8 | C31: =A31&"."&B31 -> 1.8 | D31: Nettoyage du bras de contournement | E31: Ft | F31: Tranche ferme
D32: Ce prix rémunère le nettoyage du bras de contournement sur un linaire de 50 m. Il comprend : - l'extraction des embâcles et de tous les déchets présents dans le bras ; - la coupe des branches basses ; - l'évacuation des sédiments qui seront repris pour le confortement de la banquette ; - l'évacuation des déchets et branchages vers une filière de valorisation ou de traitement appropriée ; - l'amenée et le repli du matériel et du personnel ; - le nettoyage du site, sa remise en état et toutes sujétions.
D33: PRIX UNIT. EN LETTRES € HT. :
C34: 2 | D34: TRAVAUX DE GENIE CIVIL
A35: 2 | B35: 1 | C35: =A35&"."&B35 -> 2.1 | D35: Suppression d'obstacle à l'écoulement | E35: Ft | F35: Tranche ferme
A36: =A35 -> 2 | D36: Ce prix comprend : - la démolition ; - le tri des matériaux de démolition ; - l'amenée et le repli du matériel et du personnel ; - et toutes sujétions.
D37: PRIX UNIT. EN LETTRES € HT. :
A38: =A36 -> 2 | B38: =1+B35 -> 2 | C38: =A38&"."&B38 -> 2.2 | D38: Confortement d'une banquette | E38: ml | F38: Tranche ferme
D39: Ce prix comprend la fourniture et la mise en œuvre de l'ensemble des matériaux nécessaires au confortement de la banquette existante, comprenant le reprofilage des terres, la mise en œuvre d'enrochements de pied de berge pour la butée, la fourniture et la plantation d'hélophytes, ainsi que toutes sujétions.
D40: PRIX UNIT. EN LETTRES € HT. :
A41: =A38 -> 2 | B41: =1+B38 -> 3 | C41: =A41&"."&B41 -> 2.3 | D41: Démolition du support de parabole | E41: Ft | F41: Tranche ferme
A42: =A41 -> 2 | D42: Ce prix comprend : - la démolition soignée du support de la parabole ; - le tri des matériaux de démolition et leur évacuation en déchetterie agréée, y compris la parabole ; - l'amenée et le repli du matériel et du personnel ; - et toutes sujétions.
A43: =A42 -> 2 | D43: PRIX UNIT. EN LETTRES € HT. :
A44: =A43 -> 2 | B44: =1+B41 -> 4 | C44: =A46&"."&B44 -> 2.4 | D44: Consolidation d'un muret | E44: ml | F44: Tranche ferme
A45: =A44 -> 2 | D45: Ce prix comprend l'intégralité des prestations et exigences d'exécution décrites à l'Article 4.5 du CCTP, et notamment : la mise en œuvre du dispositif de confinement étanche pour la protection du cours d'eau, la purge et le nettoyage des joints, la fourniture et l'application du mortier de chaux NHL (y compris échantillon témoin), les opérations de cure, ainsi que l'évacuation des gravats en décharge agréée et toutes sujétions.
A46: =A43 -> 2 | D46: PRIX UNIT. EN LETTRES € HT. :
A47: =A44 -> 2 | B47: =1+B44 -> 5 | C47: =A47&"."&B47 -> 2.5 | D47: Fourniture et mise en œuvre de grave naturelle 20/150 | E47: m3 | F47: Tranche ferme
D48: Ce prix rémunère la fourniture et la mise en œuvre des graves non traitées sur site, y compris compactage. Le prix comprend l'amenée et le repli des matériels, du personnel et toutes sujétions. | E48: m3 | F48: Option
A49: =A45 -> 2
A50: =A46 -> 2 | D50: PRIX UNIT. EN LETTRES € HT. :
A51: =A47 -> 2 | B51: =1+B47 -> 6 | C51: =A51&"."&B51 -> 2.6 | D51: Terrassement en déblai/remblai, y compris transport | E51: m3 | F51: Tranche ferme
A52: =A49 -> 2 | D52: Ce prix comprend : - l'amenée et le repli du matériel et du personnel ; - le terrassement en déblais-remblais de matérieux graveleux et terreux déjà présents sur site suivant les plans ; - la mise en stock des matériaux si nécessaire pour reprise ultérieure ; - le transport au sein du site des matériaux extraits ; - le régalage sur site des matériaux réutilisables ; - et toutes sujétions.
A53: =A50 -> 2 | D53: PRIX UNIT. EN LETTRES € HT. :
A54: =A51 -> 2 | B54: =1+B51 -> 7 | C54: =A54&"."&B54 -> 2.7 | D54: Terrassement en déblai, y compris évacuation des matériaux terreux | E54: m3 | F54: Tranche ferme
A55: =A52 -> 2 | D55: Ce prix comprend : - l'amenée et le repli du matériel et du personnel ; - le terrassement en déblais de matériaux terreux selon les plans du CCTP ; - la mise en stock des matériaux si nécessaire pour reprise ultérieure ; - le transport et l'évacuation des matériaux extraits vers le site de destination agréé ; - et toutes sujétions.
A56: =A53 -> 2 | D56: PRIX UNIT. EN LETTRES € HT. :
A57: =A54 -> 2 | B57: =1+B54 -> 8 | C57: =A57&"."&B57 -> 2.8 | D57: Aménagement d'un franchissement | E57: Ft | F57: Tranche ferme
A58: =A55 -> 2 | D58: Ce prix rémunère les moyens humains et matériels nécessaires à la création d'un franchissement de type passerelle en bois de longueur 5 m et 1,5 m de largeur utile avec bordure chasse-roues et garde -corps, y compris les fondations, suivant les indications du CCTP et les plans, y compris toutes sujétions.
A59: =A56 -> 2 | D59: PRIX UNIT. EN LETTRES € HT. :
A60: =A57 -> 2 | B60: =1+B57 -> 9 | C60: =A60&"."&B60 -> 2.9 | D60: Fourniture et pose de clôture | E60: ml | F60: Tranche ferme
A61: =A58 -> 2 | D61: Ce prix rémunère : - la fourniture et l'amenée à pied d'oeuvre des pieux et du grillage nécessaire à la réalisation de la clôture ; - la mise en oeuvre des matériaux. Il comprend également l'amenée et le repli du matériel, du personnel, la fourniture des matériaux nécessaires pour la construction et toutes sujétions.
A62: =A59 -> 2 | D62: PRIX UNIT. EN LETTRES € HT. :
C63: 3 | D63: TRAVAUX DE VEGETALISATION
A64: 3 | B64: 1 | C64: =A64&"."&B64 -> 3.1 | D64: Fourniture et plantation d'hélophytes | E64: u | F64: Tranche ferme
A65: =A64 -> 3 | D65: Ce prix rémunère la fourniture, l'amenée à pied d'oeuvre et la plantation des hélophytes, y compris la mise en jauge en cas de délai entre l'approvisionnement et la mise en oeuvre ou de prélèvement des hélophytes présentes sur le site en vue de leur transplantation. Dans ce dernier cas, ce prix rémunère également la préparation des hélophytes et leur replantation selon les recommandations du CCTP. Il comprend en outre l'amenée et le repli du matériel, du personnel, la fourniture des matériaux nécessaires et toutes sujétions.
A66: =A65 -> 3 | D66: PRIX UNIT. EN LETTRES € HT. :
A67: =A66 -> 3 | B67: =1+B64 -> 2 | C67: =A67&"."&B67 -> 3.2 | D67: Fourniture et plantation d'arbres de ripisylve | E67: u | F67: Tranche ferme
A68: =A67 -> 3 | D68: Ce prix rémunère : - la fourniture et l'amené à pied d'œuvre d'arbres de diamètre 8-15 cm et de hauteur 60 à 110 cm ; - la plantation des arbres dans les fosses, avec leur tuteur, le drain d'arrosage et la terre. Il comprend également l'amenée et le repli du matériel, du personnel, la fourniture des matériaux nécessaires et toutes sujétions.
A69: =A68 -> 3 | D69: PRIX UNIT. EN LETTRES € HT. :
A70: =A69 -> 3 | B70: =B67+1 -> 3 | C70: =A70&"."&B70 -> 3.3 | D70: Fourniture et mise en œuvre d'ensemencement | E70: m² | F70: Tranche ferme
A71: =A70 -> 3 | D71: Ce prix rémunère : - la fourniture et l'amenée à pied d'oeuvre des graines nécessaire à la réalisation d'enherbements ; - la mise en oeuvre du mélange grainier ; - l'amenée et le repli du matériel et du personnel ; - la fourniture des matériaux nécessaires pour la construction ; - et toutes sujétions.
A72: =A71 -> 3 | D72: PRIX UNIT. EN LETTRES € HT. :

Sheet DQE
A1: ='BPU '!C1 -> Travaux de restauration écologique du ru d’Ocques, tronçon moulin d'en Bas, sur la commune de Saint-Julien-du-Sault
B2: Détail estimatif et quantitatif (DQE)
A4: N° | B4: DESIGNATION | C4: Unités | D4: Prix unitaire en euros HT | E4: Quantités | F4: MONTANT en euros HT | G4: SOUS TOTAL en euros HT
A5: TRANCHE FERME
A6: 1 | B6: INSTALLATION DE CHANTIER, ACCÈS, ETUDES | G6: =SUM(F7:F13) -> 0
A7: ='BPU '!C6 -> 1.1 | B7: ='BPU '!D6 -> Installation et repli de chantier, y compris remise en état et nettoyage des déchets (plastiques, bétons, ferrailles) | C7: ='BPU '!E6 -> Ft | D7: ='BPU '!G6 -> 0 | E7: 1 | F7: =E7*D7 -> 0
A8: ='BPU '!C10 -> 1.2 | B8: ='BPU '!D10 -> Etudes d'exécution et dossier de récolement | C8: ='BPU '!E10 -> Ft | D8: ='BPU '!G10 -> 0 | E8: 1 | F8: =E8*D8 -> 0
A9: ='BPU '!C13 -> 1.3 | B9: ='BPU '!D13 -> Constat contradictoire d'un huissier | C9: ='BPU '!E13 -> Ft | D9: ='BPU '!G13 -> 0 | E9: 1 | F9: =E9*D9 -> 0
A10: ='BPU '!C17 -> 1.4 | B10: ='BPU '!D17 -> Aménagement des accès aux zones de chantier et travaux préparatoires, y compris pêche de sauvegarde | C10: ='BPU '!E17 -> Ft | D10: ='BPU '!G17 -> 0 | E10: 1 | F10: =E10*D10 -> 0
A11: ='BPU '!C21 -> 1.5 | B11: ='BPU '!D21 -> Piquetage des travaux | C11: ='BPU '!E21 -> Ft | D11: ='BPU '!G21 -> 0 | E11: 1 | F11: =E11*D11 -> 0
A12: ='BPU '!C24 -> 1.6 | B12: ='BPU '!D24 -> Fourniture et mise en place d'un barrage filtrant | C12: ='BPU '!E24 -> Ft | D12: ='BPU '!G24 -> 0 | E12: 1 | F12: =E12*D12 -> 0
A13: ='BPU '!C28 -> 1.7 | B13: ='BPU '!D28 -> Travaux forestiers : élagage et abattage avec ou sans dessouchage d'arbres et d'arbustes | C13: ='BPU '!E28 -> Ft | D13: ='BPU '!G28 -> 0 | E13: 1 | F13: =E13*D13 -> 0
A14: 2 | B14: AMENAGEMENT DU LIT MINEUR | G14: =SUM(F15:F20) -> 0
A15: ='BPU '!C35 -> 2.1 | B15: ='BPU '!D35 -> Suppression d'obstacle à l'écoulement | C15: ='BPU '!E35 -> Ft | D15: ='BPU '!G35 -> 0 | E15: 2 | F15: =E15*D15 -> 0
A16: ='BPU '!C31 -> 1.8 | B16: ='BPU '!D31 -> Nettoyage du bras de contournement | C16: ='BPU '!E28 -> Ft | D16: ='BPU '!G38 -> 0 | E16: 1 | F16: =E16*D16 -> 0
A17: ='BPU '!C38 -> 2.2 | B17: ='BPU '!D38 -> Confortement d'une banquette | C17: ='BPU '!E38 -> ml | D17: ='BPU '!G38 -> 0 | E17: 20 | F17: =E17*D17 -> 0
A18: ='BPU '!C51 -> 2.6 | B18: ='BPU '!D51 -> Terrassement en déblai/remblai, y compris transport | C18: m3 | D18: ='BPU '!G51 -> 0 | E18: 45 | F18: =E18*D18 -> 0
A19: ='BPU '!C47 -> 2.5 | B19: ='BPU '!D47 -> Fourniture et mise en œuvre de grave naturelle 20/150 | C19: m3 | D19: ='BPU '!G47 -> 0 | E19: 20 | F19: =E19*D19 -> 0
A20: ='BPU '!C64 -> 3.1 | B20: ='BPU '!D64 -> Fourniture et plantation d'hélophytes | C20: ='BPU '!E64 -> u | D20: ='BPU '!G64 -> 0 | E20: 100 | F20: =E20*D20 -> 0
A21: 3 | B21: AMENAGEMENTS PAYSAGERS | G21: =SUM(F22:F27) -> 0
A22: ='BPU '!C41 -> 2.3 | B22: ='BPU '!D41 -> Démolition du support de parabole | C22: ='BPU '!E41 -> Ft | D22: ='BPU '!G41 -> 0 | E22: 1 | F22: =E22*D22 -> 0
A23: ='BPU '!C44 -> 2.4 | B23: ='BPU '!D44 -> Consolidation d'un muret | C23: ='BPU '!E44 -> ml | D23: ='BPU '!G44 -> 0 | E23: 30 | F23: =E23*D23 -> 0
A24: ='BPU '!C57 -> 2.8 | B24: ='BPU '!D57 -> Aménagement d'un franchissement | C24: ='BPU '!E57 -> Ft | D24: ='BPU '!G57 -> 0 | E24: 1 | F24: =E24*D24 -> 0
A25: ='BPU '!C60 -> 2.9 | B25: ='BPU '!D60 -> Fourniture et pose de clôture | C25: ='BPU '!E60 -> ml | D25: ='BPU '!G60 -> 0 | E25: 40 | F25: =E25*D25 -> 0
A26: ='BPU '!C70 -> 3.3 | B26: ='BPU '!D70 -> Fourniture et mise en œuvre d'ensemencement | C26: ='BPU '!E70 -> m² | D26: ='BPU '!G70 -> 0 | E26: 2000 | F26: =E26*D26 -> 0
A27: ='BPU '!C67 -> 3.2 | B27: ='BPU '!D67 -> Fourniture et plantation d'arbres de ripisylve | C27: ='BPU '!E67 -> u | D27: ='BPU '!G67 -> 0 | E27: 12 | F27: =E27*D27 -> 0
A28: TRANCHE OPTIONNELLE
A29: 1 | B29: INSTALLATION DE CHANTIER, ACCÈS, ETUDES | G29: =SUM(F30:F33) -> 0
A30: ='BPU '!C6 -> 1.1 | B30: ='BPU '!D6 -> Installation et repli de chantier, y compris remise en état et nettoyage des déchets (plastiques, bétons, ferrailles) | C30: ='BPU '!E6 -> Ft | D30: ='BPU '!G14 -> 0 | E30: 1 | F30: =E30*D30 -> 0
A31: ='BPU '!C13 -> 1.3 | B31: ='BPU '!D13 -> Constat contradictoire d'un huissier | C31: ='BPU '!E14 -> Ft | D31: ='BPU '!G36 -> 0 | E31: 1 | F31: =E31*D31 -> 0
A32: ='BPU '!C17 -> 1.4 | B32: ='BPU '!D17 -> Aménagement des accès aux zones de chantier et travaux préparatoires, y compris pêche de sauvegarde | C32: ='BPU '!E18 -> Ft | D32: ='BPU '!G18 -> 0 | E32: 1 | F32: =E32*D32 -> 0
A33: ='BPU '!C24 -> 1.6 | B33: ='BPU '!D24 -> Fourniture et mise en place d'un barrage filtrant | C33: ='BPU '!E25 -> Ft | D33: ='BPU '!G25 -> 0 | E33: 1 | F33: =E33*D33 -> 0
A34: 4 | B34: REPROFILAGE DU BRAS DE CONTOURNEMENT | G34: =SUM(F35:F36) -> 0
A35: ='BPU '!C54 -> 2.7 | B35: ='BPU '!D54 -> Terrassement en déblai, y compris évacuation des matériaux terreux | C35: m3 | D35: ='BPU '!G54 -> 0 | E35: 70 | F35: =E35*D35 -> 0
A36: ='BPU '!C47 -> 2.5 | B36: ='BPU '!D47 -> Fourniture et mise en œuvre de grave naturelle 20/150 | C36: m3 | D36: ='BPU '!G48 -> 0 | E36: 20 | F36: =E36*D36 -> 0
D38: MONTANT TRANCHE FERME HORS TAXE : | G38: =SUM(G6,G14,G21) -> 0
D39: TVA 20,0 % : | G39: =G38*0.2 -> 0
D40: MONTANT TRANCHE FERME TTC : | G40: =G38+G39 -> 0
D42: MONTANT TRANCHE OPTIONNELLE HORS TAXE : | G42: =SUM(G10,G18,G25) -> 0
D43: TVA 20,0 % : | G43: =G42*0.2 -> 0
D44: MONTANT OPTIONNELLE TTC : | G44: =G42+G43 -> 0
D46: MONTANT TOTAL HORS TAXE : | G46: =SUM(G14,G23,G34) -> 0
D47: TVA 20,0 % : | G47: =G46*0.2 -> 0
D48: MONTANT TOTAL TTC : | G48: =G46+G47 -> 0
